 Dungeon Crawl Stone Soup version 0.25-a0-189-gf71692caf1 (webtiles) character file.

Game seed: 7733688491564681252, levelgen mode: deterministic

685 floatRand the Shield-Bearer (level 7, -6/57 HPs)
             Began as a Formicid Fighter on Nov 29, 2019.
             Killed by divine providence
             ... invoked by an orc priest
              (13 damage)
             ... on level 5 of the Dungeon.
             The game lasted 00:05:36 (4702 turns).

floatRand the Shield-Bearer (Formicid Fighter)      Turns: 4702, Time: 00:05:36

Health: -6/57      AC: 12    Str: 21    XL:     7   Next: 93%
Magic:  7/7        EV:  5    Int:  8    God:
Gold:   176        SH: 10    Dex: 11    Spells: 6/6 levels left

rFire    . . .     SeeInvis +   i - +1 hand axe (chop)
rCold    . . .     Gourm    .   c - +0 shield
rNeg     . . .     Faith    .   C - +0 plate armour
rPois    .         Spirit   .   (helmet unavailable)
rElec    .         Reflect  .   (no cloak)
rCorr    .         Harm     .   (no gloves)
MR       +....                  (no boots)
Stlth    ..........             (no amulet)
HPRegen  0.19/turn              z - ring of protection from magic
MPRegen  0.10/turn              (no ring)

@: no status effects
A: permanent stasis, dig shafts and tunnels, four strong arms, antennae 3
a: Dig, Shaft Self


You were on level 5 of the Dungeon.
You were near starving.

You visited 1 branch of the dungeon, and saw 5 of its levels.

You collected 176 gold pieces.

Inventory:

Hand Weapons
 a - a +0 war axe
 i - a +1 hand axe of chopping (weapon)
 x - the +1 dagger of Kuph {pierce, rPois}
   (You found it on level 4 of the Dungeon)

   It inflicts extra damage upon your enemies.
   It protects you from poison.
Missiles
 n - 8 silver javelins (quivered)
Armour
 c - a +0 shield (worn)
 C - a +0 plate armour (worn)
Jewellery
 k - an uncursed amulet of magic regeneration
 z - a ring of protection from magic (left hand)
Wands
 q - a wand of random effects (27)
Scrolls
 e - 3 scrolls of identify
 g - a scroll of fog {unknown}
 h - a scroll of remove curse {unknown}
 l - 2 scrolls of random uselessness {unknown}
 m - a scroll of noise {unknown}
 p - a scroll of enchant weapon {unknown}
 s - a scroll of enchant armour {unknown}
 t - 2 scrolls of teleportation {unknown}
 w - a scroll of magic mapping {unknown}
 y - a scroll of fear {unknown}
Potions
 d - a potion of haste {unknown}
 j - a potion of mutation {unknown}
 o - 3 potions of heal wounds
 r - 3 potions of invisibility {unknown}
 v - a potion of brilliance {unknown}
 A - a potion of might
 B - a potion of agility {unknown}
Comestibles
 f - 9 rations


   Skills:
 + Level 5.6 Fighting
 + Level 4.5 Axes
 - Level 5.0 Armour
 + Level 6.2 Shields


You had 6 spell levels left.
You didn't know any spells.
Your spell library was empty.

Dungeon Overview and Level Annotations

Branches:
Dungeon (5/15)
 Temple: D:4-7

Altars:
Nemelex Xobeh
Okawaru
Sif Muna
Trog

Shops:
D:4 ?%[(

Annotations:
D:4 1 runed translucent door, Crazy Yiuf


Innate Abilities, Weirdness & Mutations

You cannot be hasted, slowed, berserked, paralysed or teleported.
You can dig through walls and to a lower floor.
Your four strong arms can wield two-handed weapons with a shield.
You have a pair of large antennae on your head. (SInv)


Message History

An orc comes into view. It is wielding a +0 trident.
The orc wizard casts a spell.
The orc wizard flickers and vanishes for a moment.
The orc priest invokes the aid of Beogh against you.
Pain shoots through your body!
The orc priest invokes the aid of Beogh against you.
You easily resist.
The orc priest invokes the aid of Beogh against you.
Beogh smites you!
You hear a shout!
You are near starving!
The orc priest mumbles some strange prayers to Beogh against you.
Beogh smites you!
The orc priest calls down the wrath of Beogh upon you.
Pain shoots through your body!
* * * LOW HITPOINT WARNING * * *
The orc priest looks braver for a moment.
The orc priest mumbles some strange prayers to Beogh against you.
Beogh smites you!
You die...

####.####..#
..#####.o.#
#.........#
..#####o..#
####...o...#
###..........#
##............#
#.............#
#..<.@........#
#..##......^...##
#...............#
##.#..##........#
......##..####..#
#..##...#..####.[#
#. #.#.#........#
# #............#
##.....#####.#


You could see an orc priest and an orc.

Vanquished Creatures
  Sigmund (D:3)
  A phantom (D:5)
  A scorpion (D:4)
  A howler monkey (D:4)
  An orc wizard (D:3)
  Natasha (thrice) (D:4)
  2 worker ants (D:4)
  6 adders
  A shadow imp (D:5)
  5 oozes
  5 worms
  A dart slug (D:2)
  2 leopard geckos
  12 orcs
  2 giant cockroaches
  9 hobgoblins
  11 jackals
  A quokka (D:3)
  A ball python skeleton (D:4)
  12 bats
  7 frilled lizards
  6 goblins
  7 kobolds
  A quokka zombie (D:2)
  12 rats
111 creatures vanquished.

Notes
Turn   | Place    | Note
-------+----------+-------------------------------------------
     0 | D:1      | floatRand the Formicid Fighter began the quest for the Orb.
     0 | D:1      | Reached XP level 1. HP: 18/18 MP: 1/1
   156 | D:1      | Reached XP level 2. HP: 19/24 MP: 2/2
   369 | D:1      | Reached skill level 4 in Shields
   370 | D:1      | Reached XP level 3. HP: 20/29 MP: 3/3
  1281 | D:2      | Found a sparkling altar of Nemelex Xobeh.
  1331 | D:2      | Reached XP level 4. HP: 37/37 MP: 4/4
  1985 | D:2      | Found a shimmering blue altar of Sif Muna.
  2123 | D:3      | Reached XP level 5. HP: 22/42 MP: 5/5
  2238 | D:3      | Found an iron altar of Okawaru.
  2722 | D:3      | Noticed Sigmund
  2781 | D:3      | Killed Sigmund
  2781 | D:3      | Reached skill level 5 in Shields
  2781 | D:3      | Reached XP level 6. HP: 14/49 MP: 6/6
  3284 | D:4      | Found a bloodstained altar of Trog.
  3335 | D:4      | Reached skill level 5 in Armour
  3335 | D:4      | Reached XP level 7. HP: 54/55 MP: 7/7
  3359 | D:4      | Noticed Natasha
  3363 | D:4      | Got a crystal dagger
  3370 | D:4      | Killed Natasha
  3370 | D:4      | Reached skill level 5 in Fighting
  3378 | D:4      | Identified the +1 dagger of Kuph {pierce, rPois} (You found
                  | it on level 4 of the Dungeon)
  3463 | D:4      | Noticed Natasha
  3471 | D:4      | Killed Natasha
  3535 | D:4      | Found Litwockya's Magic Scroll Shoppe.
  3540 | D:4      | Found Oroadghate's Antique Armour Shoppe.
  3540 | D:4      | Found Totzum's Weapon Shoppe.
  3541 | D:4      | Found Eduaviec's Food Shoppe.
  3593 | D:4      | Noticed Natasha
  3604 | D:4      | Killed Natasha
  3819 | D:4      | Found a runed translucent door.
  3820 | D:4      | Noticed Crazy Yiuf
  4135 | D:4      | Reached skill level 6 in Shields
  4539 | D:5      | Entered Level 5 of the Dungeon
  4702 | D:5      | Killed from afar by an orc priest

Levels and vault maps discovered:
D:1:      sevenhm_arrival_forest_fort_small_5, layout_loops_ring,
          minmay_tiny_reverse_x
D:2:      layout_loops_ring, lemuel_crystal_altar,
          nemelex_xobeh_ov_fountains_minmay
D:3:      layout_basic, okawaru_gym_becter, first_ration,
          kennysheep_generic_room_13, uniq_sigmund
D:4:      layout_layer_cave, nicolae_overflow_crystal_walls,
          minmay_shop_grid_forest, mrwooster_statue_mirror, minmay_liquid_box,
          minmay_diced_spiral, uniq_crazy_yiuf_cottage, uniq_natasha
D:5:      minmay_general_purpose_star, layout_rooms

Skill      XL: |  1  2  3  4  5  6  7 |
---------------+----------------------+-----
Shields        | 4 5 6 |  6.2
Armour         | 4 5 |  5.0
Fighting       | 4 5 |  5.6
Axes           | 3 4 |  4.5

Action                   |  1- 3 |  4- 6 |  7- 9 || total
-------------------------+-------+-------+-------++-------
Melee: War axe           |    62 |       |       ||    62
       Hand axe          |    49 |   168 |    90 ||   307
  Use: Potion            |       |     1 |     1 ||     2
       Scroll            |       |       |     4 ||     4
  Eat: Chunk             |     2 |     6 |     3 ||    11
Armor: Scale mail        |    72 |    44 |       ||   116
       Chain mail        |       |    25 |    34 ||    59
       Plate armour      |       |       |     8 ||     8
Dodge: Dodged            |    46 |    52 |    14 ||   112
Block: Shield            |    88 |    76 |    35 ||   199

Table legend:
 A = Non-vault XP
 B = Vault XP
 C = Vault XP percentage of total XP
 D = Non-vault monster count
 E = Vault monster count
 F = Vault count percentage of total count
                 A         B        C        D         E       F
            +---------+---------+-------+---------+---------+-------
      Total |     633 |     346 |  35.3 |     104 |       7 |   6.3
            +---------+---------+-------+---------+---------+-------
        D:1 |      52 |       3 |   5.5 |      29 |       2 |   6.5
        D:2 |      78 |       0 |   0.0 |      27 |       0 |   0.0
        D:3 |     142 |     221 |  60.9 |      33 |       2 |   5.7
        D:4 |     230 |     122 |  34.7 |      13 |       3 |  18.8
        D:5 |     131 |       0 |   0.0 |       2 |       0 |   0.0
            +---------+---------+-------+---------+---------+-------
